 Dungeon Crawl Stone Soup version 0.30.1-3-gfc49f6343a (webtiles) character file.

Game seed: 13360154765539026714

7522 Eitelfritz the Frost Mage (level 10, -7/70 HPs)
             Began as a Demonspawn Ice Elementalist on July 28, 2023.
             Mangled by a vampire (12 damage)
             ... on level 10 of the Dungeon.
             The game lasted 00:38:45 (10328 turns).

Eitelfritz the Frost Mage (DsIE)                   Turns: 10328, Time: 00:38:46

Health: -7/70      AC:  8    Str:  8    XL:     10   Next: 95%
Magic:  20/22      EV: 13    Int: 23    God:
Gold:   691        SH:  5    Dex: 14    Spells: 8/26 levels left

rFire   x . .        a - +3 rapier
rCold   + . .        (no shield)
rNeg    . . .        R - +0 troll leather armour
rPois   .            (helmet restricted)
rElec   .            E - +0 cloak
rCorr   .            (no gloves)
SInv    .            r - +2 pair of boots
Will    +....        z - amulet of reflection
Stlth   +++          I - ring of ice
HPRegen 1.11/turn    G - ring of willpower
MPRegen 0.36/turn

%: reflection
@: confusing by touch
A: antennae 2, spiny 1, magic regeneration, big brain 1
a: no special abilities


You were on level 10 of the Dungeon.
You visited 2 branches of the dungeon, and saw 11 of its levels.
You also visited: Sewer.

You collected 691 gold pieces.

Inventory:

Hand Weapons
 a - a +3 rapier (weapon)
 m - a +1 sling of electrocution
 A - a +1 falchion of electrocution
 D - a +2 quarterstaff of chaos
 L - a +1 dagger of draining
 S - a +2 dagger of venom
Missiles
 g - 3 poisoned darts
 h - 4 boomerangs
 o - 6 boomerangs of dispersal
 C - 8 atropa-tipped darts
 T - 3 throwing nets
Armour
 r - a +2 pair of boots (worn)
 E - a +0 cloak (worn)
 F - the +2 scale mail "Ilucure" {+Blink rN+ Will+ Str+3 Int+3}
   (You found it on level 6 of the Dungeon)

   Str:       It affects your strength (+3).
   Int:       It affects your intelligence (+3).
   rN:        It protects you from negative energy.
   +Blink:    It lets you blink.
   Will:      It increases your willpower.
 H - +0 steam dragon scales
 P - a +0 buckler
 R - a +0 troll leather armour (worn)
Magical Staves
 b - a staff of cold
Jewellery
 e - a ring of resist corrosion
 z - an amulet of reflection (around neck)
 G - a ring of willpower (right hand)
 I - a ring of ice (left hand)
 O - a ring of wizardry
 Q - a +6 ring of dexterity
Wands
 c - a wand of charming (8)
 j - a wand of roots (13)
 B - a wand of digging (4)
 K - a wand of acid (16)
 M - a wand of polymorph (10)
Scrolls
 f - 4 scrolls of fear
 i - 5 scrolls of amnesia
 t - a scroll of butterflies
 y - 3 scrolls of teleportation
Potions
 d - 8 potions of curing
 l - 2 potions of magic
 n - a potion of ambrosia
 p - 3 potions of might
 q - 2 potions of mutation
 s - 2 potions of invisibility
 u - 4 potions of flight
 v - 2 potions of haste
 w - 4 potions of brilliance
 x - 3 potions of berserk rage
 J - a potion of lignification {unknown}
 N - 2 potions of resistance {unknown}
 U - a potion of attraction {unknown}


   Skills:
 + Level 3.2 Fighting
 + Level 5.0 Short Blades
 + Level 0.3 Staves
 + Level 2.4 Ranged Weapons
 + Level 2.4 Armour
 + Level 4.8 Dodging
 + Level 4.8 Stealth
 + Level 0.3 Shields
 + Level 8.8 Spellcasting
 + Level 2.3 Hexes
 + Level 9.1 Ice Magic


You had 8 spell levels left.
You knew the following spells:

 Your Spells              Type           Power      Damage    Failure   Level
a - Freeze                Ice            100%       1d10      1%          1
b - Frozen Ramparts       Ice            100%       1d16      1%          3
c - Ozocubu's Armour      Ice            68%        N/A       1%          3
d - Blink                 Tloc           20%        N/A       14%         2
e - Lesser Beckoning      Tloc           20%        N/A       14%         2
f - Summon Ice Beast      Ice/Summ       46%        N/A       14%         4
g - Confusing Touch       Hex            21%        N/A       10%         3

Your spell library contained the following spells:

 Spells                   Type           Power      Damage    Failure   Level
 Slow                     Hex            84%        N/A       3%          1
 Cigotuvi's Dreadful Rot  Necr/Pois/Air  20%        N/A       14%         2
 Momentum Strike          Conj/Tloc      20%        3d8       14%         2
 Gell's Gravitas          Tloc           10%        N/A       26%         3
 Ignite Poison            Fire/Tmut/Pois 10%        N/A       26%         3
 Teleport Other           Tloc           10%        N/A       26%         3
 Vampiric Draining        Necr           10%        2d6       26%         3
 Freezing Cloud           Conj/Ice/Air   18%        6-21      56%         5
 Conjure Ball Lightning   Conj/Air       5%         3x3d6     100%        6
 Dispersal                Tloc           5%         N/A       100%        6
 Discord                  Hex            10%        N/A       100%        8
 Disjunction              Tloc           5%         N/A       100%        8


Dungeon Overview and Level Annotations

Branches:
Dungeon (10/15)            Temple (1/1) D:6             Orc (0/2) D:9
  Sewer (visited)
   Lair: D:8-11

Altars:
Ashenzari
Cheibriados
Fedhas
Gozag
Hepliaklqana
Kikubaaqudgha
Makhleb
Nemelex Xobeh
Okawaru
Qazlal
Ru
Sif Muna
Trog
Uskayaw
Vehumet
Wu Jian
Yredelemnul

Shops:
D:7 :


Innate Abilities, Weirdness & Mutations

You have a pair of antennae on your head.
You are partially covered in sharp spines.
You regenerate magic rapidly.
You have an unusually large brain. (Int +2)


Message History

You hit something. Something hits you. Something barely misses you.
You hit something but do no damage. Something hits you but does no damage.
Something bites you.
Something draws strength from your injuries!
You hit something but do no damage. Something hits you. Something bites you.
Something draws strength from your injuries!
You hit something. Something hits you.
* * * LOW HITPOINT WARNING * * *
Something barely misses you.
You hit something but do no damage. Something draws life force from you!
* * * LOW HITPOINT WARNING * * *
You hit something but do no damage.
You hear some strange, mumbled words.
Something tries to affect you, but you resist.
You barely miss something. Something barely misses you. Something bites you!
* * * LOW HITPOINT WARNING * * *
Something draws strength from your injuries!
You hit something. Something hits you but does no damage. Something bites you.
* * * LOW HITPOINT WARNING * * *
Something draws strength from your injuries!
You feel much better. Something hits you but does no damage.
Something bites you!
* * * LOW HITPOINT WARNING * * *
Something draws strength from your injuries!
Casting: Confusing Touch (dangerous; 10% risk of failure)
Confirm with . or Enter, or press ? or * to list all spells.
Your hands begin to glow red.
You block something's attack. Something bites you!
* * * LOW HITPOINT WARNING * * *
Something draws strength from your injuries!
You hit something but do no damage. Something hits you but does no damage.
Something bites you!
* * * LOW HITPOINT WARNING * * *
Something draws strength from your injuries!
You feel better. Something barely misses you.
Something bites you but does no damage.
You miss something. Something hits you!
* * * LOW HITPOINT WARNING * * *
Something bites you!
You die...

### #.........#
###
#......##.##....
#....#.......##
#................
#>.#.##.#.###.##.
#.###.#.#.### ..
#.# ##!.....# ..
##.###.#.....# #
#....@#.....#
#.....{......#
#.##...#.....# #
#########.# .# .


There were no monsters in sight!

Vanquished Creatures
  A two-headed ogre (D:10)
  2 trolls (D:9)
  2 hornets
  Sigmund (D:3)
  A wyvern (D:9)
  14 yaks
  3 steam dragons
  A water moccasin (D:5)
  3 orc warriors
  A swamp drake (D:9)
  An ice beast (D:5)
  A phantom (D:8)
  3 bullfrogs
  4 scorpions
  3 gnoll sergeants
  8 wights
  9 killer bees (D:7)
  4 howler monkeys
  Crazy Yiuf (D:4)
  A hound (D:5)
  A jelly (D:6)
  9 orc priests
  2 iguanas
  2 sleepcaps (D:5)
  11 orc wizards
  13 gnolls
  11 adders
  6 river rats (Sewer)
  A white imp (D:8)
  2 ufetubi
  3 worms
  49 orcs
  23 ball pythons
  9 endoplasms
  7 giant cockroaches
  8 goblins
  8 hobgoblins
  4 jackals (D:1)
  5 quokkas
  3 bats
  7 frilled lizards
  5 kobolds
  33 rats
286 creatures vanquished.

Vanquished Creatures (others)
  An orc (D:8)
1 creature vanquished.

Grand Total: 287 creatures vanquished

Notes
Turn   | Place    | Note
-------+----------+-------------------------------------------
     0 | D:1      | Eitelfritz the Demonspawn Ice Elementalist began the quest
                  | for the Orb.
     0 | D:1      | Reached XP level 1. HP: 13/13 MP: 3/3
   315 | D:1      | You fall into a shaft and drop 1 floor!
   367 | D:2      | Gained mutation: You have an unusually large brain. (Int
                  | +2) [demonic ancestry]
   367 | D:2      | Reached XP level 2. HP: 20/20 MP: 1/5
   704 | D:2      | Reached skill level 4 in Ice Magic
  1003 | D:1      | Gained mutation: You are partially covered in sharp spines.
                  | [demonic ancestry]
  1003 | D:1      | Reached XP level 3. HP: 21/25 MP: 3/6
  1019 | D:1      | Learned a level 3 spell: Frozen Ramparts
  2144 | D:3      | Gained mutation: You regenerate magic rapidly. [demonic
                  | ancestry]
  2144 | D:3      | Reached XP level 4. HP: 19/31 MP: 3/8
  2148 | D:3      | Reached XP level 5. HP: 10/36 MP: 4/9
  2618 | D:3      | Reached skill level 1 in Fighting
  2668 | D:3      | Found an ornate altar of the Wu Jian Council.
  2686 | D:3      | Noticed Sigmund
  2698 | D:3      | Killed Sigmund
  2699 | D:3      | Reached skill level 1 in Short Blades
  2699 | D:3      | Reached skill level 5 in Ice Magic
  2699 | D:3      | Reached XP level 6. HP: 25/43 MP: 7/11
  3043 | D:3      | Learned a level 3 spell: Ozocubu's Armour
  3240 | D:3      | Learned a level 2 spell: Blink
  3790 | D:4      | Found a radiant altar of Vehumet.
  3918 | D:4      | Found a glowing drain.
  4010 | D:4      | Reached XP level 7. HP: 49/49 MP: 9/12
  4016 | Sewer    | Entered a sewer
  4389 | Sewer    | Identified a scroll of acquirement
  4389 | Sewer    | Acquired a staff of cold
  5005 | D:4      | Found a runed translucent door.
  5006 | D:4      | Noticed Crazy Yiuf
  5012 | D:4      | Killed Crazy Yiuf
  5071 | D:4      | Learned a level 2 spell: Lesser Beckoning
  5076 | D:4      | Learned a level 4 spell: Summon Ice Beast
  5077 | D:5      | Entered Level 5 of the Dungeon
  5117 | D:5      | Reached skill level 6 in Ice Magic
  5117 | D:5      | Reached XP level 8. HP: 6/56 MP: 12/15
  5268 | D:5      | Reached skill level 5 in Spellcasting
  6109 | D:5      | Found a shimmering blue altar of Sif Muna.
  6506 | D:6      | Found a staircase to the Ecumenical Temple.
  6561 | D:6      | Identified the +2 scale mail "Ilucure" {+Blink rN+ Will+
                  | Str+3 Int+3}
  6961 | Temple   | Entered the Ecumenical Temple
  6961 | Temple   | Found a transporter.
  6961 | Temple   | Found a transporter.
  6963 | Temple   | Found a transporter.
  6963 | Temple   | Found a transporter.
  7369 | D:8      | Noticed a hornet
  7377 | D:8      | Killed a hornet
  7378 | D:8      | Reached skill level 7 in Ice Magic
  7467 | D:8      | Identified the +7 halberd of Wounding {spect, Will+ Dex+3
                  | SInv}
  7508 | D:8      | Gained mutation: You have a pair of small antennae on your
                  | head. [demonic ancestry]
  7508 | D:8      | Reached XP level 9. HP: 57/61 MP: 15/18
  7854 | D:8      | Learned a level 3 spell: Confusing Touch
  8005 | D:7      | Found Lisohut's Book Emporium.
  8094 | D:7      | Reached skill level 1 in Ranged Weapons
  8966 | D:9      | Reached skill level 8 in Ice Magic
  8969 | D:9      | Gained mutation: You have a pair of antennae on your head.
                  | [demonic ancestry]
  8969 | D:9      | Reached XP level 10. HP: 58/69 MP: 13/21
  9022 | D:9      | Found a blossoming altar of Fedhas.
  9150 | D:9      | Reached skill level 1 in Hexes
  9816 | D:9      | Reached skill level 5 in Short Blades
  9822 | D:9      | Reached skill level 9 in Ice Magic
  9937 | D:9      | Found a staircase to the Orcish Mines.
 10094 | D:10     | Entered Level 10 of the Dungeon
 10103 | D:10     | Found the +13 scythe of Curses {drain, curses, Drain}
 10132 | D:10     | Noticed a two-headed ogre
 10135 | D:10     | Reached skill level 1 in Armour
 10145 | D:10     | Killed a two-headed ogre
 10326 | D:10     | HP: 1/70 [something (8)]
 10328 | D:10     | Mangled by a vampire

Illustrated notes

Levels and vault maps discovered:
D:1:      dpeg_arrival_erosion, layout_loops_ring
D:2:      layout_loops_corners, chequers_hall_statues_wall_a
D:3:      layout_basic, mainiacjoe_overflow_chevrons, uniq_sigmund
D:4:      minmay_angry_zag, layout_loops_ring, mainiacjoe_overflow_alcove_2,
          cheibrodos_sewer_entry_drain, minivault_26, uniq_crazy_yiuf_cottage
D:5:      layout_basic, kennysheep_orc_sif_temple, minmay_holes
D:6:      layout_gridville, minmay_temple_entry_waves
D:7:      layout_loops_cross, serial_shops, shop, minivault_10
D:8:      layout_rooms
D:9:      layout_loops_cross, fedhas_altar_2, erik_orc_1, serial_glass,
          glass_columns_c, glass_columns_c, glass_columns_b, glass_columns_a,
          glass_columns_b, glass_columns_c, glass_columns_b, glass_columns_a,
          glass_columns_c, glass_columns_b, minmay_strange_pillars,
          minmay_strange_pillars, item_on_display_a, item_on_display_a
D:10:     layout_loops_cross, kb_xom_exploding_sheep,
          gammafunk_temple_overflow_elements, lightli_corner_chamber
Temple:   hellmonk_temple_divided_pantheon

Skill      XL: |  1  2  3  4  5  6  7  8  9 10 |
---------------+-------------------------------+-----
Stealth        | 2 3 4 |  4.8
Ice Magic      | 4 5 6 7 8 9 |  9.1
Dodging        | 2 3 4 |  4.8
Spellcasting   | 3 4 6 7 8 |  8.8
Fighting       | 1 2 3 |  3.2
Short Blades   | 1 2 3 4 5 |  5.0
Ranged Weapons | 1 2 |  2.4
Hexes          | 2 |  2.3
Armour         | 2 |  2.4
Staves         | |  0.3
Shields        | |  0.3

Action                     |  1- 3 |  4- 6 |  7- 9 | 10-12 || total
---------------------------+-------+-------+-------+-------++-------
  Melee: Unarmed           |     3 |       |       |       ||     3
         Dagger            |    20 |     1 |       |       ||    21
         Rapier            |     9 |    48 |   130 |   103 ||   290
         Staff             |       |       |    29 |       ||    29
         Punch             |       |       |     1 |     2 ||     3
   Fire: Sling             |       |       |     5 |     9 ||    14
   Cast: Freeze            |    48 |     9 |    12 |       ||    69
         Frozen Ramparts   |     1 |    11 |    53 |    20 ||    85
         Confusing Touch   |       |       |     1 |    16 ||    17
         Ozocubu's Armour  |       |       |     1 |     4 ||     5
    Use: Scroll            |       |    16 |    11 |       ||    27
         Potion            |       |       |     1 |     3 ||     4
   Stab: Sleeping          |     6 |     3 |     4 |     1 ||    14
         Confused          |       |       |       |     5 ||     5
 Armour: Robe              |     9 |     6 |    23 |       ||    38
         Steam dragon scal |       |       |    28 |     5 ||    33
         Troll leather arm |       |       |       |    14 ||    14
  Dodge: Dodged            |    45 |    14 |   111 |    48 ||   218
  Block: Other             |       |       |     4 |    16 ||    20
